 Dungeon Crawl Stone Soup version 0.28.0-43-g3370ac3207 (webtiles) character file.

Game seed: 16565175214421535319

401 adizb the Chiller (level 6, -6/45 HPs)
             Began as a Demigod Ice Elementalist on Mar 9, 2022.
             Shot with an arrow by a centaur (13 damage)
             ... on level 4 of the Dungeon.
             The game lasted 00:20:09 (2738 turns).

adizb the Chiller (Demigod Ice Elementalist)        Turns: 2738, Time: 00:20:09

Health: -6/45      AC:  3    Str:  9    XL:     6   Next: 29%
Magic:  0/14       EV: 13    Int: 25    God:
Gold:   112        SH:  0    Dex: 14    Spells: 4/11 levels left

rFire   + . .      SeeInvis .   q - staff of cold
rCold   + . .      Faith    .   (no shield)
rNeg    . . .      Spirit   +   a - +0 robe
rPois   .          Reflect  .   (no helmet)
rElec   .          Harm     .   (no cloak)
rCorr   .          Rampage  .   (no gloves)
Will    .....                   j - +0 pair of boots
Stlth   ++........              l - amulet of guardian spirit
HPRegen 0.15/turn               i - ring of protection from fire
MPRegen 0.14/turn               (no ring)

@: about to teleport, attractive
A: high MP 1, forlorn, divine attributes
a: no special abilities


You were on level 4 of the Dungeon.
You visited 1 branch of the dungeon, and saw 4 of its levels.
You also visited: Sewer.

You collected 112 gold pieces.

Inventory:

Hand Weapons
 d - a +0 short sword
Missiles
 g - 5 poisoned darts
Armour
 a - a +0 robe (worn)
 j - a +0 pair of boots (worn)
Magical Staves
 k - a staff of air
 q - a staff of cold (weapon)
Jewellery
 i - a ring of protection from fire (left hand)
 l - an amulet of guardian spirit (around neck)
Scrolls
 c - 2 scrolls of amnesia
 f - a scroll of teleportation
 n - a scroll of acquirement {unknown}
Potions
 b - a potion of might {unknown}
 e - a potion of curing
 m - a potion of heal wounds {unknown}
 o - 2 potions of haste {unknown}
 p - a potion of flight {unknown}


   Skills:
 + Level 2.9 Dodging
 - Level 3.1 Stealth
 + Level 1.9 Shields
 * Level 3.4 Spellcasting
 * Level 4.9 Ice Magic


You had 4 spell levels left.
You knew the following spells:

 Your Spells              Type           Power      Damage    Failure   Level
a - Freeze                Ice            100%       1d11      1%          1
b - Frozen Ramparts       Ice            86%        1d10      3%          3
c - Ozocubu's Armour      Ice            43%        N/A       3%          3

Your spell library contained the following spells:

 Spells                   Type           Power      Damage    Failure   Level
 Beastly Appendage        Tmut           8%         N/A       10%         1
 Hailstorm                Conj/Ice       25%        3d7       34%         4


Dungeon Overview and Level Annotations

Branches:
Dungeon (4/15)             Temple (0/1) D:4           Sewer (visited)

Shops:
D:1 [


Innate Abilities, Weirdness & Mutations

You have an increased reservoir of magic. (+10% MP)
You shall have no god before yourself.
Your divine heritage dramatically boosts your attributes as you level up.


Message History

There is a fountain of clear blue water here.
Found a short jewelled staff.
You see here a staff of cold.
q - a staff of cold
q - a staff of cold (weapon)
Found 10 gold pieces.
Found a sparkling altar of Nemelex Xobeh.
You now have enough gold to buy an embroidered robe on D:1.
You can access your shopping list by pressing '$'.
You now have 112 gold pieces (gained 10).
A centaur comes into view.
Found 5 stones.
Found an ancient bone altar of Kikubaaqudgha.
The centaur shouts!
The centaur wields a +0 shortbow.
The centaur shoots an arrow.
The arrow hits you!
The centaur shoots an arrow.
The arrow hits you!
The centaur shoots an arrow.
The arrow hits you!
The centaur shoots an arrow.
The arrow hits you!
* * * LOW HITPOINT WARNING * * *
Really quaff the potion of attraction? [Y]es or [N]o only, please.
Really quaff the potion of attraction?
You feel attractive to monsters.
The centaur shoots an arrow.
The arrow hits you!
* * * LOW HITPOINT WARNING * * *
The centaur shoots an arrow.
The arrow hits you. The centaur is attracted toward you.
You feel better.
The centaur unwields a +0 shortbow.
The centaur barely misses you. The centaur closely misses you.
You don't have enough magic to cast this spell.
As you read the scroll labelled SUHEN COADGH, it crumbles to dust.
You feel strangely unstable.
It was a scroll of teleportation.
The centaur hits you.
* * * LOW HITPOINT WARNING * * *
The centaur misses you. The centaur closely misses you. The centaur kicks you.
* * * LOW HITPOINT WARNING * * *
The centaur wields a +0 shortbow.
The centaur shoots an arrow.
The arrow hits you!
You die...

##..#..##...... #...##
#†..#.###...... #....#
#.#....#..........##.#
##.###..#..######## #.# #..#
#.###.### #.# ####
##.####.#§§..°# #.#
...###..#....#..c..###
#.#####
##..##....##...._....#
#......
.##.....######..@..#.#
##.#####
.............#☼...°#.#####..#
###.#.##########.###.......##
#...# #..#.#########
#..##########..#.###### #
###.....................# #
#...###.................# #
#..## #..........#####..## #
#.## #..........#[!$#...## #


You could see a centaur.

Vanquished Creatures
  A scorpion (D:4)
  3 jellies (Sewer)
  Terence (D:3)
  Robin (D:2)
  3 gnolls (D:3)
  7 adders
  A worm (D:2)
  3 dart slugs (D:1)
  2 orcs (D:3)
  5 ball pythons
  4 bats
  18 endoplasms
  8 giant cockroaches
  11 goblins
  9 hobgoblins
  10 quokkas
  6 frilled lizards
  3 kobolds
  11 rats
107 creatures vanquished.

Vanquished Creatures (others)
  A kobold (D:4)
1 creature vanquished.

Grand Total: 108 creatures vanquished

Notes
Turn   | Place    | Note
-------+----------+-------------------------------------------
     0 | D:1      | adizb the Demigod Ice Elementalist began the quest for the
                  | Orb.
     0 | D:1      | Reached XP level 1. HP: 14/14 MP: 5/5
   492 | D:1      | Reached XP level 2. HP: 18/20 MP: 2/7
   730 | D:1      | Got Plato's Papyrus of Transmutation
   824 | D:1      | Found Tezizoaps's Antique Armour Shoppe.
   905 | D:2      | Reached XP level 3. HP: 25/26 MP: 2/9
   909 | D:2      | Learned a level 3 spell: Frozen Ramparts
   985 | D:2      | Noticed Robin
   999 | D:2      | Reached skill level 4 in Ice Magic
  1003 | D:2      | Killed Robin
  1004 | D:2      | Reached skill level 1 in Shields
  1211 | D:2      | Reached XP level 4. HP: 30/33 MP: 6/10
  1715 | D:3      | Learned a level 3 spell: Ozocubu's Armour
  1748 | D:3      | Noticed Terence
  1796 | D:3      | Killed Terence
  1797 | D:3      | Reached XP level 5. HP: 17/38 MP: 0/12
  2049 | D:4      | Found a glowing drain.
  2074 | Sewer    | Entered a sewer
  2471 | Sewer    | Reached XP level 6. HP: 45/45 MP: 1/14
  2676 | D:4      | Found a staircase to the Ecumenical Temple.
  2735 | D:4      | HP: 1/45 [centaur/arrow (11)]
  2738 | D:4      | Shot with an arrow by a centaur

Illustrated notes

Levels and vault maps discovered:
D:1:      onia_arrival_handbag, layout_loops_ring,
          shapermc_ecumenical_altar_rom_forum, serial_shops, shop
D:2:      layout_rooms, basic_altar, uniq_robin
D:3:      layout_rooms, minmay_overflow_temple_star_hex, uniq_terence
D:4:      layout_rooms, nicolae_kikubaaqudgha_miasma_corner,
          mainiacjoe_overflow_alcove_1, minmay_temple_entry_statues_fountains,
          gup_sewer_entry_pipe, due_unseen_surprise

Skill      XL: |  1  2  3  4  5  6 |
---------------+-------------------+-----
Spellcasting   | 2 3 |  3.4
Dodging        | 2 |  2.9
Stealth        | 2 3 |  3.1
Ice Magic      | 4 |  4.9
Shields        | 1 |  1.9

Action                   |  1- 3 |  4- 6 || total
-------------------------+-------+-------++-------
Melee: Unarmed           |     6 |       ||     6
       Short sword       |     5 |    42 ||    47
 Cast: Freeze            |    54 |    83 ||   137
       Frozen Ramparts   |     3 |     7 ||    10
       Ozocubu's Armour  |       |     1 ||     1
  Use: Scroll            |       |     4 ||     4
       Potion            |       |     2 ||     2
 Stab: Sleeping          |       |     2 ||     2
Armor: Robe              |     9 |    16 ||    25
Dodge: Dodged            |    29 |    75 ||   104
